 Dungeon Crawl Stone Soup version 0.30-a0-726-gd89dcf765f (webtiles) character file.

Game seed: 838541273401142162

11326 timneilson the Blocker (level 11, -9/67 HPs)
             Began as a Gargoyle Fighter on Jan 29, 2023.
             Was an Elder of Okawaru.
             Mangled by a komodo dragon (19 damage)
             ... on level 10 of the Dungeon.
             The game lasted 00:19:59 (10267 turns).

timneilson the Blocker (Gargoyle Fighter)          Turns: 10267, Time: 00:20:00

Health: -9/67      AC: 31    Str: 24    XL:     11   Next: 76%
Magic:  10/14      EV:  8    Int:  9    God:    Okawaru [****..]
Gold:   434        SH:  8    Dex:  9    Spells: 10/10 levels left

rFire   . . .      SeeInvis .    C - +3 scimitar
rCold   . . .      Faith    .    u - +2 buckler
rNeg    + . .      Spirit   .    B - +1 plate armour {Will+}
rPois   ∞          Reflect  .    e - +0 helmet
rElec   +          Harm     .    i - +2 cloak
rCorr   .          Rampage  .    (no gloves)
Will    +....                    z - +1 pair of boots Stlth
                                 (no amulet)
HPRegen 0.31/turn                s - +4 ring of slaying
MPRegen 0.14/turn                (no ring)

@: finesse-ful, hasted, very quick
A: sickness immunity, AC +8, negative energy resistance 1, electricity
resistance, torment resistance 1, petrification resistance, shaggy fur 1,
subdued magic 1
a: Renounce Religion, Heroism, Finesse


You were on level 10 of the Dungeon.
You worshipped Okawaru.
Okawaru was greatly pleased with you.
You visited 1 branch of the dungeon, and saw 10 of its levels.
You also visited: Sewer and Bailey.

You collected 584 gold pieces.
You spent 150 gold pieces at shops.

Inventory:

Hand Weapons
 a - a +1 long sword of venom
 C - a +3 scimitar (weapon)
Missiles
 E - a throwing net (quivered)
Armour
 e - a +0 helmet (worn)
 i - a +2 cloak (worn)
 u - a +2 buckler (worn)
 z - a +1 pair of boots (worn)
 B - a +1 plate armour of willpower (worn)
Jewellery
 s - a +4 ring of slaying (left hand)
 y - a ring of ice
Wands
 c - a wand of iceblast (1)
 j - a wand of flame (21)
 n - a wand of digging (8)
Scrolls
 g - 4 scrolls of fear
 h - a scroll of poison
 k - 6 scrolls of teleportation
 v - 2 scrolls of enchant weapon
 w - a scroll of amnesia
 A - a scroll of fog
 D - a scroll of magic mapping {unknown}
Potions
 b - 2 potions of attraction
 d - 3 potions of might
 f - 3 potions of ambrosia
 l - 3 potions of magic
 m - 3 potions of mutation
 o - 3 potions of flight
 p - a potion of invisibility
 q - a potion of lignification
 r - 2 potions of brilliance
 t - a potion of haste
 x - 2 potions of cancellation


   Skills:
 + Level 7.3 Fighting
 * Level 8.0 Long Blades
 * Level 10.0 Armour
 + Level 4.7 Dodging
 * Level 10.0 Shields
 + Level 4.7 Invocations
 + Level 4.6 Evocations


You had 10 spell levels left.
You didn't know any spells.
Your spell library contained the following spells:

 Spells                   Type           Power      Damage    Failure   Level
 Magic Dart               Conj           0%         1d3       99%         1
 Shock                    Conj/Air       0%         1d3       99%         1
 Ensorcelled Hibernation  Hex/Ice        0%         N/A       100%        2
 Passwall                 Tmut/Erth      0%         N/A       100%        2
 Searing Ray              Conj           0%         2d4       100%        2
 Ozocubu's Armour         Ice            0%         N/A       100%        3
 Swiftness                Air            0%         N/A       100%        3
 Airstrike                Air            0%         2d(0-16)  100%        4
 Fulminant Prism          Conj/Hex       0%         3d5       100%        4
 Metabolic Englaciation   Hex/Ice        0%         N/A       100%        5
 Simulacrum               Ice/Necr       Unusable   N/A       N/A         6

Dungeon Overview and Level Annotations

Branches:
Dungeon (10/15)            Temple (0/1) D:7             Orc (0/2) D:9
  Sewer (visited)          Bailey (visited)
   Lair: D:8-11

Altars:
Fedhas
Makhleb
Okawaru
Ru
Vehumet
Xom
Zin
The Shining One

Shops:
D:2 ?   D:6 (*   D:7 !

Annotations:
D:3 2 runed translucent doors
D:4 2 transporters


Innate Abilities, Weirdness & Mutations

You are immune to sickness and miasma.
Your stone body is resilient. (AC +8)
You are immune to poison.
You resist negative energy. (rN+)
You are resistant to electric shocks. (rElec)
You are resistant to unholy torment.
You are immune to petrification.
You are covered in fur. (AC +1)
Your spells are a little easier to cast, but a little less powerful.


Message History

The troll bites you.
* * * LOW HITPOINT WARNING * * *
The troll claws you!
* * * LOW HITPOINT WARNING * * *
The troll claws you but does no damage.
You feel yourself speed up. You block the troll's attack.
The troll closely misses you. The troll claws you but does no damage.
You closely miss the troll.
The troll is heavily wounded.
You completely miss the troll.
The troll is heavily wounded.
The troll bites you but does no damage.
The troll claws you but does no damage. x2
You slash the troll!
The troll is almost dead.
You slash the troll!
You kill the troll!
Okawaru accepts your kill.
The troll leather armour is intact enough to wear.
Your Long Blades skill increases to level 8!
You slash the two-headed ogre!
The two-headed ogre is almost dead.
You barely miss the two-headed ogre.
The two-headed ogre is almost dead.
You block the two-headed ogre's attack.
The two-headed ogre hits you but does no damage.
You slash the two-headed ogre!
You kill the two-headed ogre!
Okawaru is honoured by your kill.
Your Armour skill increases to level 10!
Your Shields skill increases to level 10!
You slash the komodo dragon!
The komodo dragon is moderately wounded.
You slash the komodo dragon!
The komodo dragon is heavily wounded.
The komodo dragon bites you.
* * * LOW HITPOINT WARNING * * *
You hit the komodo dragon.
The komodo dragon is severely wounded.
The komodo dragon bites you!!
You die...

## #...$$...# .# #..$..$..# .#
#..$..$..# .# #...$$...# .##
#......# ..#### ###....# .....###
#.##''# ...#...# #..#..#.#
...#...## #.@lz...# ........#
##.#####.# ........######>.#
..##.....## #..............##
##.........# #..##....##.....##
#..........##
#........#####.(.####............
#...###..# #..................#
...# ##..####..####...........#
...# ##..##..## #......#..#


You could see a komodo dragon and a wight.

Vanquished Creatures
  2 two-headed ogres
  Maggie (D:9)
  2 trolls (D:10)
  A hornet (D:7)
  Grinder (D:3)
  3 shadows
  7 spriggans (Bailey)
  Sigmund (D:5)
  2 wyverns (D:9)
  6 steam dragons
  Grum (D:9)
  9 yaks
  4 water moccasins (D:7)
  3 black bears
  5 orc warriors
  A sky beast (D:7)
  6 ogres
  4 wolves (D:9)
  3 phantoms
  4 kobold brigands
  4 bullfrogs
  2 necrophages
  6 scorpions
  2 gnoll sergeants
  A wight (D:8)
  4 killer bees (D:8)
  A crimson imp (D:6)
  Crazy Yiuf (D:3)
  A gnoll bouda (D:10)
  6 hounds
  5 orc priests
  Terence (D:2)
  13 orc wizards
  16 adders
  13 gnolls
  4 river rats
  2 shadow imps
  An ufetubus (D:7)
  4 worms
  4 dart slugs
  50 orcs
  10 ball pythons
  7 endoplasms
  4 giant cockroaches
  5 goblins
  8 hobgoblins
  13 jackals
  24 kobolds
  8 quokkas
  5 bats
  7 frilled lizards
  13 rats
311 creatures vanquished.

Vanquished Creatures (others)
  2 orcs (D:8)
  17 plants
19 creatures vanquished.

Grand Total: 330 creatures vanquished

Notes
Turn   | Place    | Note
-------+----------+-------------------------------------------
     0 | D:1      | timneilson the Gargoyle Fighter began the quest for the
                  | Orb.
     0 | D:1      | Reached XP level 1. HP: 14/14 MP: 1/1
   176 | D:1      | Reached XP level 2. HP: 16/19 MP: 2/2
   472 | D:1      | Reached XP level 3. HP: 23/23 MP: 3/3
   592 | D:1      | Found a faded altar of an unknown god.
  1197 | D:2      | Noticed Terence
  1219 | D:2      | Killed Terence
  1220 | D:2      | Reached XP level 4. HP: 10/28 MP: 4/4
  1528 | D:2      | Found Raleweck's Magic Scroll Shoppe.
  1650 | D:2      | Reached skill level 1 in Dodging
  1900 | D:3      | Reached XP level 5. HP: 26/33 MP: 5/5
  1971 | D:3      | Found a glowing drain.
  1988 | Sewer    | Entered a sewer
  2569 | D:3      | Found a shimmering altar of Xom.
  2613 | D:3      | Reached XP level 6. HP: 38/38 MP: 6/6
  2642 | D:3      | Found a runed translucent door.
  2643 | D:3      | Noticed Crazy Yiuf
  2688 | D:3      | Noticed Grinder
  2697 | D:3      | Paralysed by Grinder for 2 turns
  2700 | D:3      | Paralysed by Grinder for 2 turns
  2702 | D:3      | Gained mutation: Your spells are a little easier to cast,
                  | but a little less powerful. [potion of mutation]
  2702 | D:3      | Gained mutation: You are covered in fur. (AC +1) [potion of
                  | mutation]
  2713 | D:3      | Paralysed by Grinder for 4 turns
  2728 | D:3      | Killed Grinder
  2729 | D:3      | Reached skill level 5 in Armour
  2729 | D:3      | Reached skill level 5 in Shields
  3004 | D:3      | Found a large runed translucent door.
  3005 | D:3      | Found a large runed translucent door.
  3158 | D:4      | Noticed a black bear
  3174 | D:4      | Killed a black bear
  3175 | D:4      | Reached XP level 7. HP: 22/43 MP: 7/7
  3357 | D:4      | Found a transporter.
  3583 | D:4      | Found a transporter.
  3964 | D:4      | Found a blossoming altar of Fedhas.
  4169 | D:5      | Entered Level 5 of the Dungeon
  4335 | D:3      | Killed Crazy Yiuf
  4605 | D:5      | Reached XP level 8. HP: 48/48 MP: 8/8
  4825 | D:5      | Noticed Sigmund
  4831 | D:5      | Killed Sigmund
  4932 | D:5      | Reached skill level 1 in Evocations
  4999 | D:5      | Found a sacrificial altar of Ru.
  5068 | D:5      | Reached skill level 5 in Fighting
  5223 | D:5      | Reached skill level 5 in Long Blades
  5351 | D:5      | Reached XP level 9. HP: 49/54 MP: 9/9
  5427 | D:6      | Found an iron altar of Okawaru.
  5485 | D:6      | Became a worshipper of Warmaster Okawaru
  5534 | D:6      | Found Neg Jeuc's Antique Weapon Boutique.
  5593 | D:6      | Found Kukkahen's Assorted Antiques.
  5602 | D:6      | Bought a glowing chain mail for 150 gold pieces
  5793 | D:6      | Found a glowing golden altar of the Shining One.
  5811 | D:6      | Reached * piety under Okawaru
  5812 | D:6      | Reached skill level 1 in Invocations
  5901 | D:6      | Found a glowing silver altar of Zin.
  6160 | D:6      | Found a radiant altar of Vehumet.
  6160 | D:6      | Found a burning altar of Makhleb.
  6495 | D:7      | Reached ** piety under Okawaru
  6564 | D:7      | Found Subbom's Distillery.
  6583 | D:7      | Reached XP level 10. HP: 59/60 MP: 11/11
  6936 | D:7      | Found a staircase to the Ecumenical Temple.
  8363 | D:8      | Reached *** piety under Okawaru
  8599 | D:9      | Noticed Grum
  8605 | D:9      | Killed Grum
  8829 | D:9      | Reached **** piety under Okawaru
  8956 | D:9      | Found a staircase to the Orcish Mines.
  8989 | D:9      | Reached XP level 11. HP: 63/66 MP: 13/13
  9097 | D:9      | Identified the +9 quarterstaff of Bimor {heavy, Will++}
  9325 | D:10     | Entered Level 10 of the Dungeon
  9397 | D:10     | Found a flagged portal.
  9422 | Bailey   | Entered a bailey
  9603 | Bailey   | Noticed a two-headed ogre
  9612 | Bailey   | Killed a two-headed ogre
  9639 | Bailey   | Identified the +8 broad axe "Wustotuh" {pain, rCorr Dex+4}
  9845 | D:9      | Noticed Maggie
 10027 | D:9      | Killed Maggie
 10231 | D:10     | Noticed a two-headed ogre
 10264 | D:10     | Killed a two-headed ogre
 10265 | D:10     | Reached skill level 10 in Armour
 10265 | D:10     | Reached skill level 10 in Shields
 10267 | D:10     | Mangled by a komodo dragon

Illustrated notes

Levels and vault maps discovered:
D:1:      dpeg_arrival_snail, layout_loops_ring,
          hellmonk_ecumenical_altar_pennies_from_heaven, dk_noncrumbling_3,
          grunt_decor_junction
D:2:      layout_basic, serial_shops, shop_fountains, grunt_ministairs_8,
          uniq_terence
D:3:      layout_rooms, xom_butterflies, jmf_multi_god_temple2,
          gup_sewer_entry_bubbles, serial_bayou_lagoon_a, uniq_grinder,
          uniq_crazy_yiuf_cottage
D:4:      gammafunk_wand_slinger, layout_basic, mainiacjoe_overflow_paths
D:5:      minmay_chambers_of_threes, layout_basic,
          nicolae_ru_the_path_less_chosen, uniq_sigmund
D:6:      layout_loops_ring, grunt_temple_overflow_lords_of_destruction,
          kennysheep_okawaru_gauntlet, mainiacjoe_overflow_catwalk_spiral,
          serial_shops, shop, nicolae_shop_hallway_stairs
D:7:      layout_basic, minmay_temple_entry_crystal_x, serial_shops, shop,
          hellmonk_bongcloud_opening
D:8:      layout_gridville, special_room [special_room_orc], st_stairs_9,
          serial_bayou_pond_b
D:9:      layout_basic, orc_0_dummy, uniq_grum, uniq_maggie
D:10:     minmay_polygon_palace, layout_layer_cave, nicolae_gozag_seed_capital,
          gammafunk_temple_overflow_pools, enter_bailey_2,
          corexii_hall_statues_x, minmay_librarian, uniq_gastronok, uniq_lodul,
          uniq_maurice

Skill      XL: |  1  2  3  4  5  6  7  8  9 10 11 |
---------------+----------------------------------+-----
Long Blades    | 2 3 4 5 6 7 8 |  8.0
Armour         | 4 5 6 8 9 10 | 10.0
Shields        | 4 5 6 8 9 10 | 10.0
Dodging        | 1 2 3 4 |  4.7
Fighting       | 4 5 6 7 |  7.3
Evocations     | 1 3 4 |  4.6
Invocations    | 2 3 4 |  4.7

Action                     |  1- 3 |  4- 6 |  7- 9 | 10-12 || total
---------------------------+-------+-------+-------+-------++-------
  Melee: Long sword        |   156 |   313 |   447 |   303 ||  1219
         Scimitar          |       |       |       |   253 ||   253
 Invoke: Heroism           |       |       |     1 |     6 ||     7
         Finesse           |       |       |       |     2 ||     2
    Use: Scroll            |     3 |    10 |     7 |     3 ||    23
         Potion            |       |     4 |     6 |     5 ||    15
 Armour: Scale mail        |   133 |    48 |       |       ||   181
         Chain mail        |       |   141 |   459 |    36 ||   636
         Skin              |       |     4 |       |       ||     4
         Plate armour      |       |       |       |   355 ||   355
  Dodge: Dodged            |   126 |   134 |   224 |   175 ||   659
  Block: Buckler           |    49 |    64 |   149 |   233 ||   495

Table legend: (Time is in decaauts)
 A = Elapsed time spent in this place.
 B = Non-inter-level travel time spent in this place.
 C = Inter-level travel time spent in this place.
 D = Time resting spent in this place.
 E = Time spent auto-exploring this place.
 F = Levels seen in this place.
 G = Mean time per level.
                   A        B        C        D        E       F      G
               +--------+--------+--------+--------+--------+-----+--------+
         Total |  10580 |  10178 |    402 |    629 |   6382 |  12 |  881.7 |
       Dungeon |   9792 |   9390 |    402 |    442 |   6147 |  10 |  979.2 |
         Sewer |    468 |    468 |      0 |     45 |    235 |   1 |  468.0 |
        Bailey |    319 |    319 |      0 |    142 |      0 |   1 |  319.0 |
               +--------+--------+--------+--------+--------+-----+--------+

Top non-repeatable levels by time:
     D:7: 1350 daAuts
     D:4: 1209 daAuts
     D:3: 1084 daAuts
     D:1: 983 daAuts
     D:5: 977 daAuts
     D:6: 966 daAuts
     D:2: 954 daAuts
     D:9: 940 daAuts
     D:8: 938 daAuts
   Sewer: 468 daAuts
    D:10: 388 daAuts
  Bailey: 319 daAuts
